 Dungeon Sprint DCSS version 0.31-a0-986-g5e6e4ef867 (webtiles) character file.

Game seed: 17840864170488418069

0 rocky1 the Twirler (level 1, -3/13 HPs)
             Began as a Gargoyle Gladiator on Nov 24, 2023.
             Was an Initiate of Cheibriados.
             Slain by an orc
             ... wielding a +0 mace
              (6 damage)
             ... in the Dungeon (Sprint VI: "Thunderdome").
             The game lasted 00:00:25 (54 turns).

rocky1 the Twirler (Gargoyle Gladiator)               Turns: 54, Time: 00:00:25

Health: -3/13      AC:  6    Str: 18    XL:     1   Next: 60%
Magic:  1/1        EV: 12    Int:  9    God:    Cheibriados [......]
Gold:   200        SH:  0    Dex: 12    Spells: 0/0 levels left

rFire   . . .        a - +0 quarterstaff
rCold   . . .        (shield currently unavailable)
rNeg    + . .        b - +0 leather armour
rPois   ∞            c - +0 helmet
rElec   +            (no cloak)
rCorr   .            (no gloves)
SInv    .            (no boots)
Will    .....        (no amulet)
Stlth   +            (no ring)
HPRegen 0.22/turn    (no ring)
MPRegen 0.07/turn

%: no teleportation
@: very slow
A: sickness immunity, AC +2, negative energy resistance 1, electricity
resistance, torment resistance 1, petrification resistance
a: Renounce Religion


You were in the Dungeon.
You worshipped Cheibriados.
Cheibriados was noncommittal.
You visited 1 branch You collected 200 gold pieces.

Inventory:

Hand Weapons
 a - a +0 quarterstaff (weapon)
Missiles
 d - 3 throwing nets (quivered)
 e - a javelin
Armour
 b - a +0 leather armour (worn)
 c - a +0 helmet (worn)
Wands
 m - a wand of quicksilver (5)
 n - a wand of iceblast (5)
Scrolls
 k - 4 scrolls of blinking
 o - 3 scrolls of fog
Potions
 f - a potion of curing
 g - 4 potions of heal wounds
 h - 4 potions of haste
 i - 2 potions of magic
 j - a potion of berserk rage
 l - 2 potions of resistance


   Skills:
 + Level 2.4 Fighting
 + Level 3.5 Staves
 + Level 2.0 Throwing
 + Level 3.0 Dodging


You couldn't memorise any spells.
You didn't know any spells.
Your spell library was empty.

Dungeon Overview and Level Annotations

Branches:
Dungeon (1/1)

Altars:
Cheibriados
Dithmenos
Fedhas
Gozag
Kikubaaqudgha
Makhleb
Okawaru
Qazlal
Ru
Sif Muna
Trog
Uskayaw
Vehumet
Wu Jian
Xom
Yredelemnul
Zin
The Shining One
Lugonu

Shops:
D *[=??*?*:[((!!!!


Innate Abilities, Weirdness & Mutations

You are immune to sickness and miasma.
Your stone body is resilient. (AC +2)
You are immune to poison.
You resist negative energy. (rN+)
You are resistant to electric shocks. (rElec)
You are resistant to unholy torment.
You are immune to petrification.


Message History

The orc closely misses you.
You completely miss the orc. The orc closely misses you.
You hit the orc.
You kill the orc!
Things that are here:
a +0 mace; a +0 leather armour; an orc corpse
Found an opulent altar of Gozag.
Found a blossoming altar of Fedhas.
There is a snail-covered altar of Cheibriados here.
You kneel at the altar of Cheibriados.
Cheibriados welcomes you!
Cheibriados begins to support your attributes as your movement slows.
Cheibriados is now slowing the effects of poison on you.
Unknown command.
Press < or > to pray at altars.
Found Hamasom's Do-It-Yourself Clinic.
Found Bohoz's Bottled Wisdom, Deruerr's Distillery and Yrir Mid's Distillery.
Found three altars.
Found a stormy altar of Qazlal.
An orc comes into view. It is wielding a +0 mace.
Found an ancient bone altar of Kikubaaqudgha.
Found Nylegar's Staff Store.
You sock the orc!
You kill the orc!
Cheibriados appreciates the change of pace.
Your Throwing skill increases to level 2!
Your Dodging skill increases to level 3!
Found three shops.
Found a radiant altar of Vehumet.
Things that are here:
a +0 mace; an orc corpse An orc comes into view.
It is wielding a +0 mace.
The orc shouts!
The orc closely misses you.
You hit the orc but do no damage. The orc hits you but does no damage.
You hit the orc but do no damage. The orc hits you with a +0 mace.
The orc hits you with a +0 mace!
Ouch! That really hurt!
* * * LOW HITPOINT WARNING * * *
You closely miss the orc. The orc hits you with a +0 mace.
You die...

#_......._# #_........#
#_......._#
###.........###
#⌠...........⌠#
######.8.......).8.#####
#∩.._......###......___∩
∩........8.# #.8........
.......@...###..........
.......o###...###.......
........# #.<.# #.......
........###...###.......
...........###..........
∩........8.# #.8........
#∩___......###......_._∩
######.8.........8.#####
#⌠..)........⌠#


You could see an orc.

Vanquished Creatures
  2 orcs (D)
2 creatures vanquished.

Notes
Turn   | Place    | Note
-------+----------+-------------------------------------------
     0 | D        | rocky1 the Gargoyle Gladiator began the quest for the Orb.
     0 | D        | Reached XP level 1. HP: 12/12 MP: 1/1
     4 | D        | Found an iron altar of Okawaru.
     4 | D        | Found a burning altar of Makhleb.
     5 | D        | Round 1.
     6 | D        | Found a corrupted altar of Lugonu.
     7 | D        | Found Biolumaxt's Timeless Talismans.
     7 | D        | Found a sacrificial altar of Ru.
     7 | D        | Found a shimmering altar of Xom.
     7 | D        | Found Xunyne's Identification Station.
     8 | D        | Found Xanem's Jewellery.
     8 | D        | Found Luump's Advanced Armour.
    11 | D        | Found a glowing silver altar of Zin.
    12 | D        | Found a bloodstained altar of Trog.
    13 | D        | Found an ornate altar of the Wu Jian Council.
    14 | D        | Found a snail-covered altar of Cheibriados.
    14 | D        | Found a basalt altar of Yredelemnul.
    14 | D        | Found a hide-covered altar of Uskayaw.
    14 | D        | Found Royff's Premium Goods.
    14 | D        | Found Pacog's Weapon Rack.
    15 | D        | Found Fanailyf's Miscellaneous Merchandise.
    15 | D        | Found Zoed's Basic Armour.
    22 | D        | Found an opulent altar of Gozag.
    24 | D        | Found a blossoming altar of Fedhas.
    28 | D        | Became a worshipper of Cheibriados the Contemplative
    32 | D        | Found Hamasom's Do-It-Yourself Clinic.
    33 | D        | Found Bohoz's Bottled Wisdom.
    33 | D        | Found Deruerr's Distillery.
    33 | D        | Found a glowing golden altar of the Shining One.
    33 | D        | Found a shimmering blue altar of Sif Muna.
    33 | D        | Found a shadowy altar of Dithmenos.
    33 | D        | Found Yrir Mid's Distillery.
    37 | D        | Found a stormy altar of Qazlal.
    39 | D        | Found an ancient bone altar of Kikubaaqudgha.
    40 | D        | Found Nylegar's Staff Store.
    42 | D        | Found a radiant altar of Vehumet.
    42 | D        | Found Jush's Magic Scroll Shop.
    42 | D        | Found Kohywn's Must-Have Magic.
    42 | D        | Found Civeus's Magic Scroll Shop.
    54 | D        | Slain by an orc

Illustrated notes

Levels and vault maps discovered:
D:        arena_sprint

Skill      XL: |  1 |
---------------+----+-----
Throwing       | 2 |  2.0
Dodging        | 3 |  3.0
Fighting       | |  2.4
Staves         | |  3.5

Action                     || total
---------------------------++-------
  Melee: Quarterstaff      ||     6
 Armour: Leather armour    ||     4
  Dodge: Dodged            ||     3

Table legend: (Time is in decaauts)
 A = Elapsed time spent in this place.
 B = Non-inter-level travel time spent in this place.
 C = Inter-level travel time spent in this place.
 D = Time resting spent in this place.
 E = Time spent auto-exploring this place.
 F = Levels seen in this place.
 G = Mean time per level.
                   A        B        C        D        E       F      G
               +--------+--------+--------+--------+--------+-----+--------+
         Total |     61 |     61 |      0 |      0 |      0 |   1 |   61.0 |
       Dungeon |     61 |     61 |      0 |      0 |      0 |   1 |   61.0 |
               +--------+--------+--------+--------+--------+-----+--------+

Top non-repeatable levels by time:
       D: 61 daAuts
